 Dungeon Crawl Stone Soup version 0.27-a0-1158-gaa87e14f67 (webtiles) character file.

Game seed: 12904950376521925451

42 wafflestompin the Sneak (level 3, 0/16 HPs)
             Began as a Spriggan Enchanter on May 16, 2021.
             Frozen to death by an endoplasm (4 damage)
             ... on level 3 of the Dungeon.
             The game lasted 00:13:13 (3028 turns).

wafflestompin the Sneak (Spriggan Enchanter)        Turns: 3028, Time: 00:13:13

Health: 0/16       AC:  2    Str:  4    XL:     3   Next: 35%
Magic:  3/8        EV: 21    Int: 17    God:
Gold:   78         SH:  0    Dex: 15    Spells: 4/7 levels left

rFire    . . .     SeeInvis +   a - +1 dagger
rCold    . . .     Faith    .   (shield restricted)
rNeg     . . .     Spirit   .   o - +0 robe
rPois    .         Reflect  .   (helmet restricted)
rElec    .         Harm     .   (no cloak)
rCorr    .         Rampage  .   (gloves unavailable)
Will     .....                  (boots unavailable)
Stlth    +++.......             (no amulet)
HPRegen  0.05/turn              h - +4 ring of evasion
MPRegen  0.11/turn              (no ring)

@: very quick
A: very small, no large weapons, unfitting armour, see invisible, speed 3
a: no special abilities


You were on level 3 of the Dungeon.
You visited 1 branch of the dungeon, and saw 4 of its levels.

You collected 78 gold pieces.

Inventory:

Hand Weapons
 a - a +1 dagger (weapon)
 q - a +0 falchion
Missiles
 j - 42 sling bullets
 m - 62 stones
 n - 24 bolts
Armour
 i - a +0 robe
 o - a +0 robe (worn)
Magical Staves
 b - a staff of earth
Jewellery
 h - a +4 ring of evasion (left hand)
Scrolls
 c - 2 scrolls of enchant weapon {unknown}
 d - a scroll of amnesia {unknown}
 e - 2 scrolls of enchant armour {unknown}
 f - a scroll of identify
 l - a scroll of silence {unknown}
 p - a scroll of fear {unknown}
Potions
 g - a potion of resistance
 k - a potion of flight {unknown}


   Skills:
 + Level 1.3(1.6) Short Blades
 * Level 0.8(1.1) Long Blades
 + Level 2.8 Dodging
 * Level 5.5 Stealth
 + Level 2.6 Spellcasting
 * Level 4.1 Hexes
 + Level 0.3 Ice Magic


You had 4 spell levels left.
You knew the following spells:

 Your Spells              Type           Power      Damage    Failure   Level
a - Corona                Hex            17%        N/A       3%          1
b - Ensorcelled Hibernat  Hex/Ice        18%        N/A       11%         2

Your spell library contained the following spells:

 Spells                   Type           Power      Damage    Failure   Level
 Confusing Touch          Hex            16%        N/A       10%         3
 Tukima's Dance           Hex            16%        N/A       10%         3
 Summon Small Mammal      Summ           8%         N/A       19%         1
 Dazzling Flash           Conj/Hex       18%        N/A       22%         3
 Summon Guardian Golem    Hex/Summ       9%         N/A       22%         3
 Call Imp                 Summ           2%         N/A       26%         2
 Call Canine Familiar     Summ           2%         N/A       47%         3
 Summon Ice Beast         Ice/Summ       2%         N/A       86%         4
 Summon Lightning Spire   Summ/Air       2%         N/A       87%         4


Dungeon Overview and Level Annotations

Branches:
Dungeon (4/15)
 Temple: D:4-7

Altars:

Shops:
D:2 :

Annotations:
D:2 1 runed translucent door, 2 exclusions, Crazy Yiuf, Sigmund


Innate Abilities, Weirdness & Mutations

You are very small and have problems with some larger weapons.
You are too small for most types of armour.
You have supernaturally acute eyesight. (SInv)
You cover ground extremely quickly. (Speed+++)


Message History

The orc resists with significant effort.
Aiming: Ensorcelled Hibernation (safe; 11% risk of failure)
Press: ? - help, Q - select action, (/) - cycle Shift-Dir - straight line, f/p - orc
Aim: an orc, wielding a +0 flail and wearing a +0 leather armour (chance to affect: 58%)
The orc resists with significant effort.
Aiming: Ensorcelled Hibernation (safe; 11% risk of failure)
Press: ? - help, Q - select action, (/) - cycle Shift-Dir - straight line, f/p - orc
Aim: an orc, wielding a +0 flail and wearing a +0 leather armour (chance to affect: 58%)
The orc looks drowsy...
An endoplasm comes into view.
The helpless orc fails to defend itself.
You impale the orc!!
You kill the orc!
Things that are here:
a +0 flail; a +0 leather armour You don't have enough magic to cast this spell.
You don't have enough magic to cast this spell.
The endoplasm quivers.
An endoplasm is nearby!
There are no items here.
An endoplasm is nearby!
The endoplasm completely misses you. The endoplasm freezes you.
You are frozen.
The endoplasm closely misses you. The endoplasm freezes you.
You are frozen.
The endoplasm barely misses you. The endoplasm misses you.
The endoplasm misses you. The endoplasm freezes you.
You are frozen.
The endoplasm freezes you.
You are frozen.
* * * LOW HITPOINT WARNING * * *
The endoplasm misses you.
The endoplasm hits you but does no damage.
The endoplasm freezes you.
You are frozen.
You die...

#.#....##
.........
#.......##
....#.#..
#.......########
....#.#)##......
.#..........#
######J.)..####
#@.......#
####.....# ..w.
#.....# ....
#.....# .....
####.....# #...#
#........#
.#....
#.......)#
......
#........#
#.....
#..#####.#


You could see an endoplasm.

Vanquished Creatures
  A worm (D:3)
  A dart slug (D:1)
  An orc (D:3)
  5 ball pythons
  3 endoplasms (D:1)
  A giant cockroach (D:1)
  5 goblins
  A hobgoblin (D:1)
  3 jackals (D:2)
  A quokka (D:1)
  2 bats (D:1)
  3 frilled lizards
  2 kobolds
  5 rats
34 creatures vanquished.

Vanquished Creatures (others)
  2 fungi (D:2)
2 creatures vanquished.

Grand Total: 36 creatures vanquished

Notes
Turn   | Place    | Note
-------+----------+-------------------------------------------
     0 | D:1      | wafflestompin the Spriggan Enchanter began the quest for
                  | the Orb.
     0 | D:1      | Reached XP level 1. HP: 9/9 MP: 5/5
   668 | D:1      | Reached skill level 5 in Stealth
   668 | D:1      | Reached XP level 2. HP: 13/13 MP: 6/6
   699 | D:1      | Learned a level 2 spell: Ensorcelled Hibernation
  2064 | D:2      | Found Foext's Book Emporium.
  2071 | D:2      | Noticed Sigmund
  2515 | D:2      | Reached XP level 3. HP: 12/16 MP: 1/8
  2656 | D:2      | Found a runed translucent door.
  2657 | D:2      | Noticed Crazy Yiuf
  3028 | D:3      | Frozen to death by an endoplasm

Illustrated notes

Levels and vault maps discovered:
D:1:      sevenhm_arrival_forest_fort_small_4, layout_basic,
          grunt_decor_resistance, minmay_split_cup_small
D:2:      layout_loops_ring, serial_shops, shop,
          minmay_fractal_squares_gapless_5, uniq_crazy_yiuf_cottage,
          uniq_sigmund
D:3:      layout_basic, dk_yredelemnul_ordeal, nicolae_overflow_crystal_walls,
          serial_glass, glass_columns_a, glass_columns_a, glass_columns_a,
          glass_columns_b, glass_columns_a, glass_columns_b,
          due_unseen_surprise, feat_on_display, item_on_display_a,
          minmay_misc_feat_encased
D:4:      layout_basic, serial_bayou_pond_d

Skill      XL: |  1  2 |
---------------+-------+-----
Stealth        | 5 |  5.5
Hexes          | 4 |  4.1
Short Blades   | |  1.3
Long Blades    | |  0.8
Dodging        | |  2.8
Spellcasting   | |  2.6
Ice Magic      | |  0.3

Action                   || total
-------------------------++-------
Melee: Dagger            ||    91
 Cast: Ensorcelled Hiber ||    38
  Use: Scroll            ||     1
 Stab: Sleeping          ||    24
Armor: Robe              ||     8
Dodge: Dodged            ||    78

Table legend: (Time is in decaauts)
 A = Elapsed time spent in this place.
 B = Non-inter-level travel time spent in this place.
 C = Inter-level travel time spent in this place.
 D = Time resting spent in this place.
 E = Time spent auto-exploring this place.
 F = Levels seen in this place.
 G = Mean time per level.
                   A        B        C        D        E       F      G
               +--------+--------+--------+--------+--------+-----+--------+
         Total |   2500 |   2428 |     72 |   1017 |    749 |   4 |  625.0 |
       Dungeon |   2500 |   2428 |     72 |   1017 |    749 |   4 |  625.0 |
               +--------+--------+--------+--------+--------+-----+--------+

Top non-repeatable levels by time:
     D:1: 1576 daAuts
     D:2: 690 daAuts
     D:3: 218 daAuts
     D:4: 15 daAuts
